 Dungeon Crawl Stone Soup version 0.16-a0-3159-ge6ac362 (webtiles) character file.

116 DakoDarkAxe the Cutter (level 4, -9/37 HPs)
             Began as a Salamander Gladiator on June 8, 2015.
             Mangled by an ogre
             ... wielding a +0 giant club
              (16 damage)
             ... on level 3 of the Dungeon.
             The game lasted 00:07:10 (1793 turns).

DakoDarkAxe the Cutter (Salamander Gladiator)       Turns: 1793, Time: 00:07:10

Health: -9/37      AC: 13    Str: 14    XL:     4   Next: 69%
Magic:  5/5        EV:  4    Int:  8    God:
Gold:   88         SH:  0    Dex: 16    Spells: 0 memorised, 3 levels left

rFire  . . .     SeeInvis .     a - +0 rapier
rCold  x . .     Clarity  .     m - +0 plate armour
rNeg   . . .     SustAb   .     (no shield)
rPois  .         Gourm    .     c - +0 helmet
rElec  .         Spirit   .     (no cloak)
rCorr  .         Warding  .     (no gloves)
rMut   .         Stasis   .     (no barding)
MR     .....                    (no amulet)
Stlth  ..........               (no ring)
                                (no ring)

@: drained, very slow, not resistant to hostile enchantments, extremely
unstealthy
A: fiery attack, slowness 2, tough skin 2, cold vulnerability 1
a: no special abilities


You were on level 3 of the Dungeon.
You were not hungry.

You visited 1 branch of the dungeon, and saw 3 of its levels.

You collected 88 gold pieces.

Inventory:

Hand weapons
 a - a +0 rapier (weapon)
Missiles
 d - 3 throwing nets (quivered)
Armour
 c - a +0 helmet (worn)
 m - a +0 plate armour (worn)
Magical devices
 o - a wand of fire (0)
Scrolls
 b - 2 scrolls of recharging {unknown}
 e - 2 scrolls of remove curse {unknown}
 g - 2 scrolls of enchant armour {unknown}
 i - a scroll of immolation {unknown}
 j - 2 scrolls of teleportation {unknown}
 k - a scroll of amnesia {unknown}
 l - 5 scrolls of identify {unknown}
 p - a scroll of fog {unknown}
Potions
 h - a potion of experience {unknown}
 q - a potion of haste {unknown}
Comestibles
 f - 2 bread rations
 n - 2 meat rations


   Skills:
 + Level 2.7(2.1) Fighting
 + Level 4.0(3.4) Short Blades
 + Level 1.8(1.2) Throwing
 + Level 1.2(0.6) Armour
 + Level 4.0(3.3) Dodging


You had 3 spell levels left.
You didn't know any spells.

Dungeon Overview and Level Annotations

Branches:
Dungeon (3/15)

Altars:


Innate Abilities, Weirdness & Mutations

Your melee attacks set your foes ablaze.
You cannot wear boots.
You cover ground very slowly.
You have very tough skin (AC +2).
You are vulnerable to cold.


Message History

You hit the giant gecko.
You kill the giant gecko!
The bat hits you but does no damage.
You closely miss the hobgoblin. The bat barely misses you.
The hobgoblin barely misses you. The bat hits you but does no damage.
You hit the hobgoblin.
You kill the hobgoblin!
The bat barely misses you.
You hit the ogre but do no damage. The bat hits you but does no damage.
The ogre hits you with a giant club!!
Ouch! That really hurt!
You completely miss the ogre. The bat barely misses you.
The ogre hits you but does no damage.
You hit the ogre but do no damage. The bat hits you but does no damage.
The ogre hits you with a giant club!
* * * LOW HITPOINT WARNING * * *
You hit the ogre.
The ogre is engulfed in flames.
The ogre is lightly wounded.
The bat hits you but does no damage. The ogre hits you with a giant club!
You die...

..........#.....)
#........##.####
#.......##.##..
#.#....##....#
#?.###..#...##
##.........## #####
#...###..#.#
#.....#######).## ##...#
#.......O@.....# ##..#
.........#....(.### ..+
........#..b.....#####.#
........#......#.##..####
...........###.#........#
.......##.......#..###)##
....########............
... #..##.###....
##..##.###....


You could see an ogre and a bat.

Vanquished Creatures
  Ijyb (D:3)
  3 adders
  2 worms (D:3)
  An orc (D:3)
  2 giant cockroaches
  11 goblins
  7 hobgoblins
  2 jackals (D:2)
  5 bats
  2 giant geckos
  5 giant newts
  9 kobolds
  8 rats
58 creatures vanquished.

Vanquished Creatures (others)
  A giant newt (D:3)
1 creature vanquished.

Grand Total: 59 creatures vanquished

Notes
Turn   | Place    | Note
--------------------------------------------------------------
     0 | D:1      | DakoDarkAxe, the Salamander Gladiator, began the quest for the Orb.
     0 | D:1      | Reached XP level 1. HP: 17/17 MP: 1/1
   269 | D:1      | Reached XP level 2. HP: 15/24 MP: 3/3
   844 | D:2      | Reached XP level 3. HP: 26/29 MP: 4/4
  1192 | D:2      | Reached skill level 1 in Armour
  1462 | D:3      | Reached XP level 4. HP: 29/37 MP: 5/5
  1508 | D:3      | Noticed Ijyb
  1537 | D:3      | Killed Ijyb
  1537 | D:3      | Reached skill level 4 in Short Blades
  1774 | D:3      | Noticed an ogre
  1793 | D:3      | Mangled by an ogre

Action                   |  1- 3 |  4- 6 || total
-------------------------+-------+-------++-------
Melee: Rapier            |   180 |    72 ||   252
  Eat: Beef jerky        |     1 |       ||     1
       Chunk             |     1 |       ||     1
       Bread ration      |       |     1 ||     1
